 Dungeon Crawl Stone Soup version 0.29.1-12-g30fa7ad0bf (webtiles) character file.

Game seed: 18427148761476707646

97 hawla the Firebug (level 5, 0/38 HPs)
             Began as a Meteoran Fire Elementalist on Dec 15, 2022.
             Frozen to death by an endoplasm (5 damage)
             ... on level 4 of the Dungeon.
             The game lasted 00:04:49 (776 turns).

hawla the Firebug (Meteoran Fire Elementalist)       Turns: 776, Time: 00:04:50

Health: 0/38       AC:  3    Str:  9    XL:     5   Next: 20%
Magic:  5/12       EV: 12    Int: 24    God:
Gold:   144        SH:  0    Dex: 15    Spells: 5/12 levels left

rFire   . . .      SeeInvis .   (no weapon)
rCold   . . .      Faith    .   (no shield)
rNeg    . . .      Spirit   .   h - +1 robe {Will+}
rPois   .          Reflect  .   (no helmet)
rElec   .          Harm     .   (no cloak)
rCorr   .          Rampage  .   (no gloves)
Will    +....                   (no boots)
Stlth   +.........              g - amulet of magic regeneration
HPRegen 0.12/turn               i - ring of wizardry
MPRegen 0.53/turn               c - +6 ring of intelligence

@: lethally poisoned (0 -> -1), very slightly contaminated, hasted, glowing,
very quick
A: sense surroundings 1, otherworldly, glowing, explore regen
a: no special abilities


You were on level 4 of the Dungeon.
You visited 1 branch of the dungeon, and saw 4 of its levels.

You collected 144 gold pieces.

Inventory:

Armour
 h - a +1 robe of willpower (worn)
Jewellery
 c - a +6 ring of intelligence (right hand)
 g - an amulet of magic regeneration (around neck)
 i - a ring of wizardry (left hand)
Scrolls
 k - a scroll of teleportation
Potions
 b - a potion of magic
 e - 2 potions of brilliance {unknown}


   Skills:
 - Level 0.1 Fighting
 - Level 2.5 Dodging
 - Level 1.4 Stealth
 - Level 4.0 Spellcasting
 + Level 2.8 Conjurations
 - Level 4.8 Fire Magic


You had 5 spell levels left.
You knew the following spells:

 Your Spells              Type           Power      Damage    Failure   Level
a - Foxfire               Conj/Fire      92%        2x1d8     1%          1
b - Scorch                Fire           54%        2d8       1%          2
c - Flame Wave            Conj/Fire      23%        2d8       9%          4

Your spell library contained the following spells:

 Spells                   Type           Power      Damage    Failure   Level
 Conjure Flame            Conj/Fire      23%        6-21      2%          3
 Beastly Appendage        Tmut           8%         N/A       4%          1
 Inner Flame              Hex/Fire       16%        N/A       4%          3
 Wereblood                Tmut           4%         N/A       6%          2
 Spider Form              Tmut/Pois      4%         N/A       12%         3


Dungeon Overview and Level Annotations

Branches:
Dungeon (4/15) Zot: 1624
 Temple: D:4-7

Altars:
Elyvilon
The Shining One


Innate Abilities, Weirdness & Mutations

You passively map a small area around you.
You are easily found by Zot.
You glow in the dark.
You regain HP and MP as you explore.


Message History

Casting: Flame Wave (quite dangerous; 9% risk of failure)
Confirm with . or Enter, or press ? or * to list all spells.
The spell is quite dangerous to miscast (9% risk of failure)!
Continue anyway? [Y]es or [N]o only, please.
The spell is quite dangerous to miscast (9% risk of failure)!
Continue anyway?
Casting: Flame Wave (quite dangerous; 9% risk of failure)
Press: ? - help, Dir - look around, f - activate You miscast Flame Wave.
You are very lightly contaminated with residual magic.
Energy rips through your body. The orc barely misses you. The orc misses you.
Unknown command.
You hit the orc.
You kill the orc!
The orc barely misses you.
An adder comes into view.
You closely miss the orc. The orc barely misses you. The adder bites you.
Casting: Flame Wave (quite dangerous; 9% risk of failure)
Confirm with . or Enter, or press ? or * to list all spells.
Flames lash the orc.
The orc is lightly wounded.
The orc's fire resistance burns away.
You hear an angry hiss.
The adder bites you. The orc misses you.
The orc hits you with a +0 falchion of protection.
The adder bites you.
You are poisoned.
The adder poisons you!
Things that are here:
a +0 war axe; an orc corpse An endoplasm comes into view.
You feel sick.
The orc hits you with a +0 falchion of protection!
* * * LOW HITPOINT WARNING * * *
The adder attacks as you move away! The adder barely misses you.
You feel sick.
The orc is no longer more vulnerable to fire.
You feel sick. The adder barely misses you.
It was a potion of haste.
You feel yourself speed up.
You feel sick. The endoplasm freezes you.
You are frozen.
You die...

, , , , ,
..#..... , *
........ # ,
........ #., *,
........ ** *#.*
, .......> ,
##..#####..).....
#...J@So.#)......
....######).#..#
. ##.##.# ,
#.##.# * #.##.##
* , ,* #.##..# *
#.##..###
#.#.....#
########
#.......#


You could see an adder, an orc and an endoplasm.

Vanquished Creatures
  5 adders
  A worm (D:3)
  5 orcs
  4 endoplasms
  A giant cockroach (D:3)
  7 goblins
  5 hobgoblins
  A quokka (D:3)
  4 bats
  2 frilled lizards
  8 kobolds
43 creatures vanquished.

Vanquished Creatures (others)
  59 foxfires
59 creatures vanquished.

Grand Total: 102 creatures vanquished

Notes
Turn   | Place    | Note
-------+----------+-------------------------------------------
     0 | D:1      | hawla the Meteoran Fire Elementalist began the quest for
                  | the Orb.
     0 | D:1      | Reached XP level 1. HP: 14/14 MP: 5/5
    47 | D:1      | Found a faded altar of an unknown god.
    82 | D:1      | Reached XP level 2. HP: 20/20 MP: 4/6
   214 | D:2      | Learned a level 2 spell: Scorch
   265 | D:2      | Reached XP level 3. HP: 26/26 MP: 3/8
   440 | D:3      | Reached XP level 4. HP: 33/33 MP: 6/10
   613 | D:3      | Learned a level 4 spell: Flame Wave
   679 | D:4      | Identified a scroll of acquirement
   679 | D:4      | Acquired a +6 ring of intelligence
   714 | D:4      | Found a glowing golden altar of the Shining One.
   715 | D:4      | Found a white marble altar of Elyvilon.
   740 | D:4      | Reached XP level 5. HP: 38/38 MP: 8/12
   776 | D:4      | Frozen to death by an endoplasm

Illustrated notes

Levels and vault maps discovered:
D:1:      sevenhm_arrival_forest_fort_small_3, layout_loops_corners,
          ebering_ecumenical_altar_mist, minmay_vboxes
D:2:      layout_rooms
D:3:      layout_basic, st_stairs_14, nicolae_figureground_pulse
D:4:      layout_rooms, mainiacjoe_overflow_divided_tiny,
          minmay_temple_entry_waves, serial_park_tiny_2

Skill      XL: |  1  2  3  4 |
---------------+-------------+-----
Fire Magic     | 4 |  4.8
Spellcasting   | 3 4 |  4.0
Conjurations   | 2 |  2.8
Fighting       | |  0.1
Dodging        | |  2.5
Stealth        | |  1.4

Action                   |  1- 3 |  4- 6 || total
-------------------------+-------+-------++-------
Melee: Unarmed           |    12 |     2 ||    14
 Cast: Foxfire           |    29 |     7 ||    36
       Scorch            |    10 |    12 ||    22
       Flame Wave        |       |     1 ||     1
  Use: Scroll            |       |     6 ||     6
       Potion            |       |     1 ||     1
Armor: Robe              |     9 |     1 ||    10
Dodge: Dodged            |     5 |    12 ||    17
